 Dungeon Crawl Stone Soup version 0.16.1-7-g2c6721e (webtiles) character file.

42 Jackel the Cudgeler (level 3, 0/27 HPs)
             Began as a Demonspawn Gladiator on Mar 29, 2015.
             Slain by a kobold (2 damage)
             ... on level 1 of the Dungeon.
             The game lasted 00:01:36 (984 turns).

Jackel the Cudgeler (Demonspawn Gladiator)           Turns: 984, Time: 00:01:36

Health: 0/27       AC: 12    Str: 15    XL:     3   Next: 33%
Magic:  3/3        EV:  4    Int: 15    God:
Gold:   104        SH:  0    Dex: 13    Spells: 0 memorised, 2 levels left

rFire  . . .     SeeInvis .     a - +0 flail
rCold  . . .     Clarity  .     i - +0 plate armour
rNeg   . . .     SustAb   .     (no shield)
rPois  .         Gourm    .     c - +0 helmet
rElec  .         Spirit   .     (no cloak)
rCorr  .         Warding  .     n - +0 pair of gloves
rMut   .         Rnd*Tele +     (no boots)
MR     .....                    (no amulet)
Stlth  ..........               p - ring of teleportation (curse)
                                m - +5 ring of intelligence

@: not resistant to hostile enchantments, extremely unstealthy
A: talons 1, demonic guardian 1
a: Evoke Teleportation


You were on level 1 of the Dungeon.
You were not hungry.

You visited 1 branch of the dungeon, and saw 2 of its levels.

You collected 104 gold pieces.

Inventory:

Hand weapons
 a - a +0 flail (weapon)
Missiles
 d - 3 throwing nets (quivered)
Armour
 c - a +0 helmet (worn)
 i - a +0 plate armour (worn)
 n - a +0 pair of gloves (worn)
Jewellery
 m - a +5 ring of intelligence (left hand)
 p - a cursed ring of teleportation (right hand)
Scrolls
 h - a scroll of noise {unknown}
 j - 4 scrolls of identify {unknown}
 l - a scroll of enchant weapon {unknown}
Potions
 b - a potion of cure mutation {unknown}
 e - a potion of ambrosia {unknown}
 k - 2 potions of curing {unknown}
 o - a potion of restore abilities {unknown}
Comestibles
 f - a bread ration
 g - 2 beef jerkies


   Skills:
 - Level 2.0 Fighting
 * Level 4.0 Maces & Flails
 - Level 1.7 Throwing
 - Level 2.6 Dodging


You had 2 spell levels left.
You didn't know any spells.

Dungeon Overview and Level Annotations

Branches:
Dungeon (2/15)

Altars:


Innate Abilities, Weirdness & Mutations

You have sharp toenails.
A weak demonic guardian rushes to your aid.


Message History

You see here a whip.
The kobold hits you but does no damage. The kobold hits you but does no damage.
The gnoll hits you but does no damage.
The gnoll hits you from afar with a spear.
* * * LOW HITPOINT WARNING * * *
A bat comes into view.
The bat hits you but does no damage. The bat hits you but does no damage.
The kobold barely misses you.
There is a stone staircase leading up here.
The bat hits you.
* * * LOW HITPOINT WARNING * * *
The gnoll hits you from afar with a spear.
* * * LOW HITPOINT WARNING * * *
The kobold hits you but does no damage.
You climb upwards.
There is a stone staircase leading down here.
You hit the kobold but do no damage. You claw the kobold, but do no damage.
The kobold hits you.
You die...

#....# #.# #.# #.# #....# #.#
#.# #.# #....# #.# #.#
#.########### #....#
#.###.####.##......... #....#
#.#......#.##.########
####....###.#.#.##.#.##.#
#.........#......#.#.##.#
#.##....#.###.#..#.#.##.########
#.##....#.#...K@................
#.#######.#.#....#.####.....####
#.# #.#.##..##.#.......## # #.#
#.#.##.....#..######
#.#######.#.##.###.#.#..#..#
#.#............###.#.#.....#
#.#.######..###....#...#.###
#.#.#.........#.##.#.......#
#.#.#.##..###.#.##.##.#'##.#


You could see a kobold.

Vanquished Creatures
  A gnoll (D:2)
  A giant gecko (D:1)
  2 oozes (D:1)
  A goblin (D:1)
  2 hobgoblins
  2 bats (D:1)
  A giant newt (D:2)
  A kobold (D:2)
  4 rats
15 creatures vanquished.

Vanquished Creatures (collateral kills)
  2 gnolls (D:2)
2 creatures vanquished.

Vanquished Creatures (others)
  A quasit (D:2)
1 creature vanquished.

Grand Total: 18 creatures vanquished

Notes
Turn   | Place    | Note
--------------------------------------------------------------
     0 | D:1      | Jackel, the Demonspawn Gladiator, began the quest for the Orb.
     0 | D:1      | Reached XP level 1. HP: 16/16 MP: 1/1
   307 | D:1      | Reached skill level 3 in Maces & Flails
   544 | D:1      | Gained mutation: A weak demonic guardian rushes to your aid. [demonic ancestry]
   544 | D:1      | Reached XP level 2. HP: 20/22 MP: 2/2
   936 | D:2      | Gained mutation: You have sharp toenails. [demonic ancestry]
   936 | D:2      | Reached XP level 3. HP: 18/27 MP: 3/3
   937 | D:2      | Reached skill level 4 in Maces & Flails
   984 | D:1      | Slain by a kobold

Action                   || total
-------------------------++-------
Melee: Flail             ||    60
